 Dungeon Crawl Stone Soup version 0.27.0-1-g7a089689b8 (webtiles) character file.

Game seed: 6182534139409501846

2640 pkoi the Grappler (level 9, -1/78 (83) HPs)
             Began as a Troll Monk on Aug 11, 2021.
             Was an Initiate of Ashenzari.
             Slain by a wight (12 damage)
             ... on level 8 of the Dungeon.
             The game lasted 00:10:18 (6404 turns).

pkoi the Grappler (Troll Monk)                      Turns: 6404, Time: 00:10:19

HP:   -1/78 (83)    AC:  4    Str: 24    XL:     9   Next: 35%
MP:   8/8           EV: 10    Int:  6    God:    Ashenzari [......]
Gold: 480           SH:  0    Dex: 12    Spells: 7/8 levels left

rFire    . . .     SeeInvis .     - Unarmed
rCold    . . .     Faith    .   (no shield)
rNeg     . . .     Spirit   .   r - +0 robe "Paranoia of the Sky" {Alch, Melee} (curse)
rPois    .         Reflect  .   (helmet restricted)
rElec    .         Harm     .   (no cloak)
rCorr    .         Rampage  .   (gloves unavailable)
Will     .....                  (boots unavailable)
Stlth    ++........             (no amulet)
HPRegen  1.23/turn              (no ring)
MPRegen  0.11/turn              (no ring)

@: drained
A: large, unfitting armour, claws 3, regeneration 1, shaggy fur 1, tough skin 1
a: Renounce Religion, Curse Item, Shatter the Chains


You were on level 8 of the Dungeon.
You worshipped Ashenzari.
Ashenzari was noncommittal.
You visited 2 branches of the dungeon, and saw 9 of its levels.
You also visited: Sewer and Ossuary.

You collected 538 gold pieces.
You spent 58 gold pieces at shops.

Inventory:

Missiles
 f - 50 poisoned darts (quivered)
Armour
 r - the cursed +0 robe "Paranoia of the Sky" (worn) {Alch, Melee}
   (You took it off an orc wizard on level 4 of the Dungeon)

   It has a curse which improves the following skills: Alchemy: Poison Magic and
   Transmutations.
   Melee Combat: Short Blades, Long Blades, Axes, Maces & Flails, Polearms,
   Staves and Unarmed Combat.
Jewellery
 t - an amulet of the acrobat
Wands
 j - a wand of paralysis (28)
 s - a wand of mindburst (15)
 x - a wand of iceblast (9)
Scrolls
 b - 6 scrolls of fear
 g - 2 scrolls of enchant weapon
 k - 4 scrolls of teleportation
 m - 2 scrolls of blinking
 n - 2 scrolls of amnesia
 o - a scroll of fog
 p - 3 scrolls of magic mapping
 v - a scroll of holy word
 w - a scroll of brand weapon
Potions
 a - a potion of brilliance
 c - 6 potions of haste
 d - 7 potions of curing
 e - 5 potions of heal wounds
 i - a potion of ambrosia
 l - a potion of might
 q - 2 potions of invisibility
 u - a potion of resistance
Miscellaneous
 h - a lightning rod (4/4)


   Skills:
 + Level 3.4 Fighting
 - Level 5.5 Throwing
 + Level 3.5 Dodging
 - Level 1.0 Stealth
 + Level 10.2(10.7) Unarmed Combat
 - Level 2.1 Evocations


You had 7 spell levels left.
You knew the following spells:

 Your Spells              Type           Power      Damage    Failure   Level
a - Apportation           Tloc           0%         N/A       45%         1

Your spell library contained the following spells:

 Spells                   Type           Power      Damage    Failure   Level
 Animate Skeleton         Necr           0%         N/A       45%         1
 Corona                   Hex            0%         N/A       45%         1
 Summon Small Mammal      Summ           0%         N/A       45%         1
 Static Discharge         Conj/Air       0%         N/A       58%         2
 Call Canine Familiar     Summ           0%         N/A       83%         3
 Summon Guardian Golem    Hex/Summ       0%         N/A       83%         3
 Summon Lightning Spire   Summ/Air       0%         N/A       99%         4
 Lightning Bolt           Conj/Air       0%         1d11      100%        5
 Conjure Ball Lightning   Conj/Air       0%         3x3d6     100%        6
 Storm Form               Tmut/Air       0%         N/A       100%        7
 Discord                  Hex            0%         N/A       100%        8
 Disjunction              Tloc           0%         N/A       100%        8
 Maxwell's Capacitive Co  Air            0%         ∞         100%        8


Dungeon Overview and Level Annotations

Branches:
Dungeon (8/15)             Temple (1/1) D:6           Sewer (visited)
Ossuary (visited)
   Lair: D:8-11

Altars:
Ashenzari
Cheibriados
Dithmenos
Elyvilon
Fedhas
Gozag
Hepliaklqana
Kikubaaqudgha
Makhleb
Nemelex Xobeh
Qazlal
Sif Muna
Trog
Uskayaw
Vehumet
Wu Jian
Xom
Yredelemnul
Zin
The Shining One

Shops:
D:4 !   D:8 *


Innate Abilities, Weirdness & Mutations

You are too large for most types of armour.
You have claws for hands.
Your natural rate of healing is unusually fast.
You are covered in fur. (AC +1)
You have tough skin. (AC +1)


Message History

No target in view!
Found a +0 flail.
k - 4 scrolls of teleportation (gained 1)
You now have 480 gold pieces (gained 16).
p - 3 scrolls of magic mapping (gained 1)
A wight comes into view. It is wielding a +3 mace.
A wight is nearby!
A wight is nearby!
A wight is nearby!
A wight comes into view. It is wielding a +0 halberd.
You mangle the wight!!
You destroy the wight!
A wight comes into view. It is wielding a +0 battleaxe.
The wight hits you from afar with a +0 halberd!
A wight comes into view. It is wielding a +5 mace.
Things that are here:
a +3 mace; a +0 robe The wight closely misses you.
The wight hits you with a +5 mace!
Found a scroll of amnesia.
You barely miss the wight. The wight hits you with a +0 halberd!
You feel drained. The wight hits you with a +0 battleaxe!
You are too injured to fight recklessly!
You are too injured to fight recklessly!
You are too injured to fight recklessly!
Unknown command.
You are too injured to fight recklessly!
The wight hits you from afar with a +0 halberd.
You feel drained.
Things that are here:
a +3 mace; a +0 robe The wight hits you with a +5 mace!
* * * LOW HITPOINT WARNING * * *
You feel drained.
* * * LOW HITPOINT WARNING * * *
You mangle the wight!!
You destroy the wight!
The wight hits you from afar with a +0 halberd!
* * * LOW HITPOINT WARNING * * *
The wight hits you with a +0 halberd!
You die...

#.............
#<.....#####.
.######### ##...#.# #.
.........# .......# #.
########.# ######
###.##.# #.
###.###..... #.#
.#####.###
###.....#.#### #..
.........# #...###...#
#
......####.#)#####.#.#
#.###### ##.
#.#zz@...#..###.......
#.#######.#.....####.#
.? #.###.### #.## ##
#.# #.# ##.# #.# #.#
##. #######.###.# ##
.........##.# #
#...........########
#...#.##.#####.....#


You could see 2 wights.

Vanquished Creatures
  Sigmund (D:3)
  Edmund (D:5)
  A water moccasin (D:3)
  A black bear (D:6)
  A sky beast (D:5)
  2 necrophages
  An ice beast (D:7)
  3 ogres
  A centaur (D:5)
  A phantom (D:3)
  Blork the orc (D:5)
  5 bullfrogs
  A water moccasin zombie (D:5)
  2 wights (D:8)
  A howler monkey (D:6)
  A centaur zombie (D:8)
  3 hounds
  3 centaur skeletons
  3 orc priests (D:5)
  4 iguanas
  2 jellies
  A bullfrog skeleton (D:5)
  An orc wizard (D:4)
  A hound zombie (D:5)
  8 mummies (Ossuary)
  3 gnolls
  8 adders
  2 white imps
  An ufetubus (D:7)
  A dart slug (D:1)
  4 orcs
  5 ball pythons
  5 endoplasms
  12 giant cockroaches
  2 gnoll zombies (Ossuary)
  8 goblins
  5 hobgoblins
  6 kobolds
  12 quokkas
  9 bats
  10 frilled lizards
  2 hobgoblin zombies (Ossuary)
  4 orc zombies (Ossuary)
  5 rats
154 creatures vanquished.

Vanquished Creatures (others)
  A fungus (D:1)
1 creature vanquished.

Grand Total: 155 creatures vanquished

Notes
Turn   | Place    | Note
-------+----------+-------------------------------------------
     0 | D:1      | pkoi the Troll Monk began the quest for the Orb.
     0 | D:1      | Reached XP level 1. HP: 22/22 MP: 0/0
    51 | D:1      | Reached XP level 2. HP: 29/29 MP: 1/1
   202 | D:1      | Reached skill level 4 in Unarmed Combat
   211 | D:1      | Found a faded altar of an unknown god.
   613 | D:2      | Reached XP level 3. HP: 32/36 MP: 2/2
   867 | D:2      | Reached XP level 4. HP: 42/44 MP: 3/3
  1127 | D:3      | Reached skill level 5 in Unarmed Combat
  1163 | D:3      | Found a glowing drain.
  1170 | Sewer    | Entered a sewer
  1349 | Sewer    | Noticed a bullfrog
  1354 | Sewer    | Noticed a bullfrog
  1356 | Sewer    | Killed a bullfrog
  1357 | Sewer    | Reached skill level 6 in Unarmed Combat
  1357 | Sewer    | Reached XP level 5. HP: 48/50 MP: 4/4
  1458 | D:3      | Found a blossoming altar of Fedhas.
  1472 | D:3      | Reached XP level 6. HP: 59/59 MP: 5/5
  1496 | D:3      | Found a broken altar of Ashenzari.
  1638 | D:3      | Noticed a water moccasin
  1645 | D:3      | Killed a water moccasin
  1646 | D:3      | Reached skill level 7 in Unarmed Combat
  1646 | D:3      | Reached skill level 1 in Evocations
  1695 | D:3      | Became a worshipper of Ashenzari the Shackled
  1719 | D:3      | Noticed Sigmund
  1729 | D:3      | Killed Sigmund
  1730 | D:3      | Reached XP level 7. HP: 59/66 MP: 6/6
  1791 | D:3      | Reached skill level 1 in Throwing
  1825 | D:3      | Learned a level 1 spell: Apportation
  2338 | D:4      | Found Icham's Distillery.
  2424 | D:4      | Reached skill level 8 in Unarmed Combat
  2543 | D:4      | Found a sand-covered staircase.
  2549 | Ossuary  | Entered an ossuary
  2988 | D:4      | Found a white marble altar of Elyvilon.
  3069 | D:4      | Reached XP level 8. HP: 65/74 MP: 7/7
  3341 | D:5      | Entered Level 5 of the Dungeon
  3364 | D:5      | Noticed Edmund
  3389 | D:5      | Killed Edmund
  3490 | D:5      | Noticed Blork the orc
  3499 | D:5      | Killed Blork the orc
  3500 | D:5      | Reached skill level 9 in Unarmed Combat
  3715 | D:5      | Reached skill level 5 in Throwing
  4033 | D:5      | Found a glowing silver altar of Zin.
  4128 | D:6      | Found a staircase to the Ecumenical Temple.
  4144 | Temple   | Entered the Ecumenical Temple
  4287 | Temple   | HP: 1/74 [gnoll (7)]
  4297 | Temple   | Reached XP level 9. HP: 16/80 MP: 8/8
  5061 | D:6      | Reached skill level 10 in Unarmed Combat
  5318 | D:6      | Found a faded altar of an unknown god.
  5318 | D:6      | Found a hazy altar of Hepliaklqana.
  5326 | D:6      | Found a glowing golden altar of the Shining One.
  5328 | D:6      | Found a faded altar of an unknown god.
  5330 | D:6      | Found a radiant altar of Vehumet.
  5773 | D:7      | Found the +3 pair of seven-league boots {Rampage+∞}
  6025 | D:7      | Identified the +5 scale mail "Feaggor" {rF- Int+4 Dex+3}
  6060 | D:8      | Found Nihomusu's Assorted Antiques.
  6073 | D:8      | Bought an emerald potion for 18 gold pieces
  6073 | D:8      | Bought a scroll labelled PUEQEO ARENAUT for 20 gold pieces
  6073 | D:8      | Bought a scroll labelled ANOITY KUUTACS for 20 gold pieces
  6404 | D:8      | Slain by a wight

Illustrated notes

Levels and vault maps discovered:
D:1:      dpeg_arrival_tiny_c, layout_basic,
          shapermc_ecumenical_altar_mp_urbaneastern,
          minmay_misc_feat_secret_circle
D:2:      layout_basic
D:3:      layout_loops_ring, evilmike_ruin_ashenzari,
          mainiacjoe_overflow_24_doors, gup_sewer_entry_pipe, nrook_mini_vaults,
          grunt_decor_cap, uniq_sigmund
D:4:      layout_cave_pods, mainiacjoe_overflow_tiny_flanked,
          lightli_ossuary_entry_decrepit_ruins, serial_shops,
          nicolae_lakefront_shop
D:5:      layout_basic, mainiacjoe_overflow_boulevard, uniq_edmund,
          uniq_blork_the_orc
D:6:      layout_layer_cave, chequers_temple_overflow_minitemple,
          minmay_temple_entry_arrows, grunt_decor_resistance
D:7:      layout_loops_ring
D:8:      layout_loops_ring, serial_shops, nicolae_shop_trees
Temple:   dshaligram_water_room_temple

Skill      XL: |  1  2  3  4  5  6  7  8  9 |
---------------+----------------------------+-----
Unarmed Combat | 4 6 7 8 9 10 | 10.2
Evocations     | 2 |  2.1
Throwing       | 3 5 |  5.5
Fighting       | 3 |  3.4
Dodging        | 3 |  3.5
Stealth        | |  1.0

Action                   |  1- 3 |  4- 6 |  7- 9 || total
-------------------------+-------+-------+-------++-------
Melee: Unarmed           |    81 |    98 |   234 ||   413
       Punch             |     2 |     6 |    12 ||    20
Throw: Dart              |       |       |     8 ||     8
Invok: Curse Item        |       |       |     2 ||     2
       Shatter the Chain |       |       |     1 ||     1
  Use: Scroll            |       |     2 |       ||     2
       Potion            |       |       |     2 ||     2
 Stab: Sleeping          |     2 |       |     2 ||     4
       Distracted        |       |     1 |       ||     1
       Invisible         |       |       |     1 ||     1
Armor: Robe              |    27 |    24 |    52 ||   103
Dodge: Dodged            |    38 |    47 |   111 ||   196
